 Dungeon Crawl Stone Soup version 0.29-a0-876-gfc89b1a5bd (webtiles) character file.

Game seed: 10616739194705039994

392160 freelancePsychic the Hand of Fortune (level 22, -11/140 (188) HPs)
             Began as a Demonspawn Artificer on July 19, 2022.
             Was the Champion of Nemelex Xobeh.
             Killed from afar by a shadow dragon (57 damage)
             ... with a bolt of negative energy
             ... on level 5 of the Vaults.
             The game lasted 01:43:37 (51330 turns).

freelancePsychic the Hand of Fortune (DsAr)        Turns: 51330, Time: 01:43:37

HP:   -11/140 (188) AC: 39    Str: 21    XL:     22   Next: 11%
MP:   37/37         EV:  9    Int: 26    God:    Nemelex Xobeh [******]
Gold: 1154          SH: 23    Dex: 13    Spells: 21/21 levels left

rFire   + . .      SeeInvis +   a - +9 broad axe (spect)
rCold   + + +      Faith    .   p - +5 tower shield of the Lobster {*Slow rPois Regen+ Slay+5}
rNeg    . . .      Spirit   .   M - +4 plate armour of a Billion Places {Regen+ Int+4}
rPois   +          Reflect  .   (helmet unavailable)
rElec   +          Harm     .   h - scarf {rC+ rF+}
rCorr   .          Rampage  .   r - +3 pair of gauntlets of War {Slay+5}
Will    +....                   K - +2 pair of boots
Stlth   ..........              H - amulet of regeneration
HPRegen 2.73/turn               y - ring "Oshra" {rElec rPois rC++ Int+6 Stlth-}
MPRegen 0.25/turn               Y - ring of the Tortoise {AC+8}

@: studying Axes, very heavily drained
A: antennae 3, molten scales 2, foul stench 2, spiny 2, corrupting presence 2
}: 2/15 runes: serpentine, barnacled
a: Renounce Religion, Draw Escape, Draw Destruction, Draw Summoning, Draw Stack,
Triple Draw, Deal Four, Stack Five


You were on level 5 of the Vaults.
You worshipped Nemelex Xobeh.
Nemelex Xobeh was exalted by your worship.
You visited 7 branches of the dungeon, and saw 38 of its levels.
You visited the Abyss 1 time.
You visited 1 bazaar.
You also visited: Trove, Bailey, Gauntlet, Ice Cave, Volcano and Wizlab.

You collected 5206 gold pieces.
You spent 4052 gold pieces at shops.

Inventory:

Hand Weapons
 a - a +9 spectral broad axe (weapon)
 b - a +1 broad axe of electrocution
Missiles
 B - 3 throwing nets
Armour
 e - a +4 chain mail of fire resistance
 h - a scarf of resistance (worn)
 j - the +5 pair of boots of a Labyrinth {rF+ Str+2}
   (You found it on level 5 of the Vaults)

   Str:       It affects your strength (+2).
   rF:        It protects you from fire.
 p - the +5 tower shield of the Lobster (worn) {*Slow rPois Regen+ Slay+5}
   (You found it in a treasure trove)

   Slay:      It affects your accuracy & damage with ranged weapons and melee
   (+5).
   rPois:     It protects you from poison.
   Regen:     It increases your rate of health regeneration.
   *Slow:     It may slow you when you take damage.
 r - the +3 pair of gauntlets of War (worn) {Slay+5}
   (You found it in a treasure trove)

   Slay:      It affects your accuracy & damage with ranged weapons and melee
   (+5).
 E - the +0 cloak of Suvuenn {rC++ rCorr Stlth-}
   (You acquired it on level 1 of the Lair of Beasts)

   rC:        It greatly protects you from cold.
   rCorr:     It protects you from acid and corrosion.
   Stlth:     It makes you less stealthy.
 K - a +2 pair of boots (worn)
 M - the +4 plate armour of a Billion Places (worn) {Regen+ Int+4}
   (You found it in a treasure trove)

   Int:       It affects your intelligence (+4).
   Regen:     It increases your rate of health regeneration.
Jewellery
 y - the ring "Oshra" (left hand) {rElec rPois rC++ Int+6 Stlth-}
   (You found it in a Gauntlet)

   [ring of intelligence]

   Int:       It affects your intelligence (+6).
   rC:        It greatly protects you from cold.
   rElec:     It insulates you from electricity.
   rPois:     It protects you from poison.
   Stlth:     It makes you less stealthy.
 H - an amulet of regeneration (around neck)
 X - a ring of protection from fire
 Y - the ring of the Tortoise (right hand) {AC+8}
   (You found it on level 3 of the Lair of Beasts)

   [ring of protection]

   AC:        It affects your AC (+8).
Wands
 c - a wand of flame (37) (quivered)
 d - a wand of charming (3)
 g - a wand of roots (11)
 i - a wand of mindburst (7)
 q - a wand of quicksilver (24)
 L - a wand of polymorph (13)
 O - a wand of paralysis (36)
 S - a wand of digging (14)
Scrolls
 l - 14 scrolls of teleportation {@r4}
 n - 3 scrolls of magic mapping
 s - 5 scrolls of immolation
 w - 6 scrolls of fog
 z - 3 scrolls of summoning
 D - 14 scrolls of blinking
 F - 4 scrolls of brand weapon
 I - a scroll of fear
 T - 3 scrolls of poison
Potions
 f - a potion of resistance
 k - 7 potions of attraction
 m - a potion of berserk rage
 o - 8 potions of haste {@q3}
 t - 18 potions of curing {@q1}
 u - 11 potions of flight
 v - a potion of invisibility
 A - 4 potions of ambrosia
 C - 13 potions of mutation
 G - 5 potions of brilliance
 N - 3 potions of cancellation
 R - 7 potions of might
 V - 3 potions of magic
 Z - 2 potions of heal wounds {@q2}
Miscellaneous
 J - a tin of tremorstones (2/2)
 P - a condenser vane
 Q - a phial of floods


   Skills:
 + Level 19.4 Fighting
 - Level 17.5(18.0) Axes
 - Level 6.9(13.2) Polearms
 + Level 12.9 Armour
 - Level 10.9 Dodging
 - Level 1.5 Stealth
 * Level 14.8 Shields
 + Level 22.3 Invocations
 - Level 10.0 Evocations


You had 21 spell levels left.
You didn't know any spells.
Your spell library contained the following spells:

 Spells                   Type           Power      Damage    Failure   Level
 Apportation              Tloc           0%         N/A       99%         1
 Freeze                   Ice            0%         1d3       99%         1
 Magic Dart               Conj           0%         1d3       99%         1
 Necrotise                Necr           0%         1d4       99%         1
 Sandblast                Erth           0%         2d4       99%         1
 Summon Small Mammal      Summ           0%         N/A       99%         1
 Blink                    Tloc           0%         N/A       100%        2
 Ensorcelled Hibernation  Hex/Ice        0%         N/A       100%        2
 Passwall                 Tmut/Erth      0%         N/A       100%        2
 Searing Ray              Conj           0%         2d4       100%        2
 Sublimation of Blood     Necr           0%         N/A       100%        2
 Call Canine Familiar     Summ           0%         N/A       100%        3
 Frozen Ramparts          Ice            0%         1d2       100%        3
 Gell's Gravitas          Tloc           0%         N/A       100%        3
 Lesser Beckoning         Tloc           0%         N/A       100%        3
 Portal Projectile        Hex/Tloc       0%         N/A       100%        3
 Spider Form              Tmut/Pois      0%         N/A       100%        3
 Stone Arrow              Conj/Erth      0%         3d7       100%        3
 Summon Guardian Golem    Hex/Summ       0%         N/A       100%        3
 Teleport Other           Tloc           0%         N/A       100%        3
 Tukima's Dance           Hex            0%         N/A       100%        3
 Vampiric Draining        Necr           0%         2d6       100%        3
 Airstrike                Air            0%         0-1+      100%        4
 Anguish                  Hex/Necr       0%         N/A       100%        4
 Animate Dead             Necr           0%         N/A       100%        4
 Cause Fear               Hex            0%         N/A       100%        4
 Corpse Rot               Necr/Pois/Air  0%         N/A       100%        4
 Dispel Undead            Necr           0%         3d6       100%        4
 Fulminant Prism          Conj/Hex       0%         3d6       100%        4
 Hailstorm                Conj/Ice       0%         3d3       100%        4
 Ice Form                 Ice/Tmut       0%         N/A       100%        4
 Iskenderun's Mystic Bla  Conj/Tloc      0%         2d3       100%        4
 Leda's Liquefaction      Hex/Erth       0%         N/A       100%        4
 Passage of Golubria      Tloc           0%         N/A       100%        4
 Petrify                  Tmut/Erth      0%         N/A       100%        4
 Sticky Flame             Conj/Fire      0%         2d3       100%        4
 Summon Ice Beast         Ice/Summ       0%         N/A       100%        4
 Summon Lightning Spire   Summ/Air       0%         N/A       100%        4
 Agony                    Necr           0%         N/A       100%        5
 Borgnjor's Vile Clutch   Necr/Erth      0%         N/A       100%        5
 Fireball                 Conj/Fire      0%         3d3       100%        5
 Irradiate                Conj/Tmut      0%         3d11      100%        5
 Iskenderun's Battlesphe  Conj           0%         2d6       100%        5
 Lee's Rapid Deconstruct  Erth           0%         3d5*      100%        5
 Lightning Bolt           Conj/Air       0%         1d11      100%        5
 Manifold Assault         Tloc           0%         N/A       100%        5
 Silence                  Hex/Air        0%         N/A       100%        5
 Summon Mana Viper        Hex/Summ       0%         N/A       100%        5
 Yara's Violent Unravell  Hex/Tmut       0%         3d3       100%        5
 Conjure Ball Lightning   Conj/Air       0%         3x3d6     100%        6
 Death Channel            Necr           0%         N/A       100%        6
 Dispersal                Tloc           0%         N/A       100%        6
 Iron Shot                Conj/Erth      0%         9d1       100%        6
 Simulacrum               Ice/Necr       0%         N/A       100%        6
 Starburst                Conj/Fire      0%         6d3       100%        6
 Dragon Form              Tmut           0%         N/A       100%        7
 Enfeeble                 Hex            0%         N/A       100%        7
 Haunt                    Necr/Summ      0%         N/A       100%        7
 Monstrous Menagerie      Summ           0%         N/A       100%        7
 Spellforged Servitor     Conj/Summ      0%         N/A       100%        7
 Borgnjor's Revivificati  Necr           0%         N/A       100%        8
 Discord                  Hex            0%         N/A       100%        8
 Disjunction              Tloc           0%         N/A       100%        8
 Ignition                 Fire           0%         3d3       100%        8
 Infestation              Necr           0%         N/A       100%        8
 Necromutation            Tmut/Necr      0%         N/A       100%        8
 Death's Door             Necr           0%         N/A       100%        9
 Dragon's Call            Summ           0%         N/A       100%        9


Dungeon Overview and Level Annotations

Branches:
Dungeon (15/15)              Lair (5/5) D:11         Shoals (4/4) Lair:3
  Snake (4/4) Lair:3        Slime (0/5) Lair:5          Orc (2/2) D:12
    Elf (3/3) Orc:2        Vaults (5/5) D:14          Crypt (0/3) Vaults:3
 Depths (0/4) D:15         Bailey (visited)           IceCv (visited)
Volcano (visited)          WizLab (visited)         Gauntlet (visited)
 Temple: D:4-7

Altars:
Kikubaaqudgha
Makhleb
Nemelex Xobeh
Sif Muna
Wu Jian
Xom
Jiyva

Shops:
D:4 *   D:6 ?   D:7 *   D:12 [   D:15 *   Orc:2 *?[:   Elf:2 (   Elf:3 ::=
Shoals:1 (   Shoals:3 (   Vaults:1 :

Portals:
Pandemonium: Orc:2

Annotations:
D:5 Menkaure
D:6 2 runed translucent doors
D:10 2 runed translucent doors, Palms's ghost, journeyman TrFi
D:11 2 runed translucent doors
D:15 3 runed translucent doors, Jackthecabe's ghost, journeyman MfGl
Orc:2 3 runed translucent doors, Palms's ghost, journeyman DrWr
Elf:2 3 runed translucent doors


Innate Abilities, Weirdness & Mutations

You have a pair of large antennae on your head. (SInv)
You are mostly covered in molten scales. (AC +3)
You sometimes emit foul miasma when damaged in melee.
You are mostly covered in sharp spines.
Your presence sometimes corrodes or deforms those you injure.


Message History

Your +9 spectral broad axe closely misses the shadow dragon.
The shadow dragon is no longer covered in acid.
Your catoblepas breathes a plume of calcifying dust at the shadow dragon.
The blast of calcifying dust hits the shadow dragon but does no damage.
The shadow dragon is engulfed in calcifying dust.
The shadow dragon is moving more slowly.
The shadow dragon bites your +9 spectral broad axe!
Your spectral weapon shares its damage with you!
The shadow dragon claws your +9 spectral broad axe!
Your spectral weapon shares its damage with you!
Your +9 spectral broad axe fades away.
You hit the shadow dragon.
The shadow dragon is severely wounded.
Your +9 spectral broad axe hits the shadow dragon!
Your wind drake flaps its wings at the shadow dragon.
The air twists around and strikes the shadow dragon.
The Brimstone Fiend hits your catoblepas!!
The Brimstone Fiend hits your catoblepas.
The Brimstone Fiend hits your catoblepas!
Your catoblepas gores the Brimstone Fiend!!
The ironbound convoker points at the Brimstone Fiend and mumbles some strange words.
The Brimstone Fiend seems to grow stronger.
The shadow dragon is engulfed in calcifying dust.
The helpless shadow dragon fails to defend itself.
You slice the shadow dragon!!
The shadow dragon twists and deforms.
The shadow dragon is almost dead.
Your +9 spectral broad axe hits the shadow dragon.
Your wind drake bites the shadow dragon but does no damage.
The Brimstone Fiend calls on the powers of darkness!
Your catoblepas convulses!
Your body is wracked with pain!
* * * LOW HITPOINT WARNING * * *
The ironbound convoker convulses!
The shadow dragon convulses!
Your catoblepas gores the Brimstone Fiend!
The shadow dragon breathes negative energy at you.
The bolt of negative energy hits the shadow dragon.
The shadow dragon completely resists.
The bolt of negative energy hits you!!!
You feel drained.
You die...
Your body glows with a rainbow of weird colours and disappears.

#####################
.....................
....................
########).......#######
####...)()..............
.##.......#....#.###.#.
.....##...#....#@(Y1p#
....####..#....#D###.#.#.##
....####..#....#.k)L{.p...e
..^).##...#....#D#.#p###.#.
.†.......##....#.#e#..}
.)).....###....#.#§#.###
.).###..# #....#...... .)##
##..##....#.###{# ..# +...#
#.. {#


You could see 2 shadow dragons, a Brimstone Fiend (summoned, strong, ally
target), an ironbound convoker, a deep elf zephyrmancer (strong), a friendly
catoblepas (summoned), a friendly wind drake (summoned, repels missiles,
drained) and a friendly +9 spectral broad axe (summoned).

Vanquished Creatures
  Nikola (Elf:2)
  2 titans (Vaults:5)
  Jorgrun (D:15)
  A lich (Vaults:5)
  4 deep elf blademasters (Elf:3)
  3 deep elf master archers (Elf:3)
  A kraken (Abyss:2)
  The ghost of Umuno the Tortoise, an adept DsBe of Trog (Vaults:1)
  A storm dragon (Vaults:5)
  Polyphemus (Shoals:3)
  4 sphinxes
  The ghost of jimonade the Warrior, an adept FoFi of Okawaru (Elf:1)
  3 fire giants
  5 nagarajas (Snake:4)
  A draconian scorcher (WizLab)
  5 deep elf sorcerers (Elf:3)
  Louise (D:14)
  14 vault wardens
  2 orc warlords
  4 frost giants
  The ghost of Brotato the Unseen, an adept SpBr of Gozag (Snake:2)
  5 deep elf elementalists (Elf:3)
  2 war gargoyles (Vaults:4)
  2 stone giants
  A draconian annihilator (WizLab)
  10 ironbound preservers
  A broodmother (Lair:2)
  A vampire knight (Vaults:3)
  5 ironbound thunderhulks
  6 very ugly things
  2 deep elf demonologists (Elf:3)
  2 minotaurs
  An entropy weaver (Vaults:3)
  A white draconian (IceCv)
  A bunyip (Shoals:4)
  32 purple draconians (WizLab)
  12 dire elephants
  9 deep elf annihilators
  Azrael (D:13)
  A merfolk javelineer (Shoals:2)
  3 ettins
  A fire dragon (D:14)
  9 statues (WizLab)
  9 yaktaur captains
  Snorg (D:11)
  6 merfolk impalers
  3 deep elf high priests
  A green death (Abyss:2)
  4 deep elf death magi
  Fannar (Lair:1)
  15 vault guards
  6 boulder beetles
  3 great orbs of eyes
  A demonspawn (Orc:2)
  Erolcha (Orc:2)
  An alligator snapping turtle (Shoals:3)
  3 merfolk avatars
  A peacekeeper (Vaults:4)
  11 hydras
  3 ogre magi
  12 anacondas
  2 catoblepae
  16 satyrs
  A jorogumo (Shoals:4)
  12 ironbound frosthearts
  5 two-headed ogres
  9 naga warriors
  A merfolk aquamancer (Shoals:3)
  7 centaur warriors
  8 tengu warriors
  Urug (Orc:1)
  16 dancing weapons
  10 naga sharpshooters
  5 orc high priests (Orc:2)
  A soul eater (Vaults:3)
  4 death yaks (Shoals:3)
  10 shock serpents
  9 deep elf knights
  3 wretched stars (Abyss:2)
  A salamander mystic (Snake:4)
  A sixfirhy (Gauntlet)
  5 skeletal warriors (D:14)
  13 sea snakes
  15 deep trolls
  5 naga ritualists
  A flayed ghost (Abyss:2)
  2 orange crystal statues
  11 wizards
  16 deep elf archers
  7 lindwurms
  2 spriggan simulacra (D:15)
  33 harpies
  6 orc knights
  A necromancer (D:14)
  12 deep elf zephyrmancers
  15 ironbound convokers
  4 phantasmal warriors
  34 deep elf pyromancers
  39 ugly things
  5 mana vipers
  12 orc sorcerers
  A wolf spider (Shoals:4)
  5 starcursed masses (Abyss:2)
  24 fauns
  5 cyclopes
  12 salamanders
  10 manticores
  9 merfolk sirens
  32 black mambas
  4 guardian serpents
  11 naga magi
  15 elephants
  2 molten gargoyles (Gauntlet)
  5 cane toads
  3 water nymphs
  8 vault sentinels
  2 gargoyles (Gauntlet)
  2 torpor snails (Lair:2)
  20 rime drakes
  2 kobold demonologists
  2 unseen horrors
  44 yaktaurs
  2 efreet (D:15)
  A komodo dragon (shapeshifter) (Elf:2)
  A freezing wraith (D:14)
  An ice devil (Orc:2)
  10 komodo dragons
  42 tengu conjurers
  A hellwing (Orc:2)
  7 trolls
  A meliai (D:14)
  2 trolls (shapeshifter)
  21 polar bears
  4 hornets
  24 merfolk
  6 wind drakes
  Prince Ribbit (Bailey)
  19 blink frogs
  17 slime creatures
  A tarantella (Vaults:3)
  Grinder (D:5)
  18 dream sheep
  8 snapping turtles
  3 air elementals
  A jumping spider (Vaults:3)
  2 centaur simulacra
  13 spriggans (Lair:5)
  2 shadows (D:11)
  A vampire (D:14)
  A culicivora (Snake:4)
  4 fire elementals
  5 wyverns
  A yak (shapeshifter) (Elf:3)
  A ynoxinul (Abyss:2)
  A dire elephant simulacrum (D:15)
  A large abomination (Abyss:2)
  5 humans
  10 water elementals
  35 yaks
  2 chaos spawn
  3 small abominations (Abyss:2)
  4 basilisks
  A redback (Vaults:3)
  9 vampire mosquitoes
  3 wargs (Orc:2)
  2 harpy simulacra (D:15)
  A swamp worm (D:9)
  An acid dragon (D:10)
  33 nagas
  11 water moccasins
  A water moccasin (shapeshifter) (Snake:4)
  3 hell hounds
  2 ice beasts
  3 black bears (Lair:5)
  29 orc warriors
  3 sky beasts
  An alligator simulacrum (D:15)
  10 ogres
  6 boggarts
  39 wolves
  19 centaurs
  A kobold brigand (D:8)
  23 bullfrogs
  A necrophage (D:5)
  6 earth elementals
  3 scorpions
  2 deep troll simulacra (D:15)
  A killer bee (D:9)
  3 howler monkeys (D:8)
  4 electric eels (Snake:2)
  4 hounds
  A gnoll bouda (D:7)
  4 jellies (Lair:5)
  18 orc priests
  3 iguanas
  Terence (D:3)
  13 orc wizards
  14 gnolls
  4 adders
  A shadow imp (D:8)
  4 ufetubi
  A worm (D:2)
  4 dart slugs (D:1)
  65 orcs
  8 ball pythons
  8 bats
  9 endoplasms
  2 giant cockroaches (D:4)
  6 hobgoblins
  4 jackals
  3 quokkas
  6 frilled lizards
  14 goblins
  12 kobolds
  10 rats
  A bush (Vaults:1)
  4 tentacles (Abyss:2)
1553 creatures vanquished.

Vanquished Creatures (collateral kills)
  Donald (Orc:2)
  2 vault wardens (Vaults:4)
  An ironbound thunderhulk (Vaults:4)
  A purple draconian (WizLab)
  A boulder beetle (D:11)
  A two-headed ogre (D:9)
  A tengu warrior (WizLab)
  A wizard (Vaults:4)
  3 ugly things (Vaults:4)
  A vault sentinel (Vaults:4)
  A yaktaur (Vaults:4)
  A wyvern (D:11)
  An iguana (D:6)
  2 adders (D:3)
  A white imp (D:6)
  5 orcs (D:6)
  An endoplasm (D:5)
  2 hobgoblins (D:3)
27 creatures vanquished.

Vanquished Creatures (others)
  A boulder beetle (D:11)
  2 deep elf pyromancers
  A naga mage (Snake:4)
  A human (Bailey)
  A naga (Snake:1)
  A necrophage (D:6)
  21 demonic plants (Gauntlet)
  25 fungi
  65 plants
  2 starspawn tentacles (Abyss:2)
  11 tentacles (Abyss:2)
131 creatures vanquished.

Grand Total: 1711 creatures vanquished

Notes
Turn   | Place    | Note
-------+----------+-------------------------------------------
     0 | D:1      | freelancePsychic the Demonspawn Artificer began the quest
                  | for the Orb.
     0 | D:1      | Reached XP level 1. HP: 15/15 MP: 1/1
   363 | D:1      | Gained mutation: You are partially covered in sharp spines.
                  | [demonic ancestry]
   363 | D:1      | Reached XP level 2. HP: 15/21 MP: 2/2
   660 | D:1      | Found a faded altar of an unknown god.
   684 | D:1      | Reached XP level 3. HP: 9/27 MP: 3/3
  1193 | D:1      | Reached skill level 1 in Stealth
  1862 | D:2      | Reached skill level 1 in Polearms
  1862 | D:2      | Reached XP level 4. HP: 34/34 MP: 4/4
  2814 | D:3      | Noticed Terence
  2849 | D:3      | Gained mutation: You have a pair of small antennae on your
                  | head. [demonic ancestry]
  2849 | D:3      | Reached XP level 5. HP: 35/40 MP: 5/5
  2864 | D:3      | Killed Terence
  3992 | D:4      | Found Deuxe's General Store.
  4001 | D:4      | Bought a scroll of blinking for 75 gold pieces
  4001 | D:4      | Bought a scroll of fog for 40 gold pieces
  4408 | D:5      | Entered Level 5 of the Dungeon
  4433 | D:5      | Found a shimmering blue altar of Sif Muna.
  4462 | D:5      | Gained mutation: You have a pair of antennae on your head.
                  | [demonic ancestry]
  4462 | D:5      | Reached XP level 6. HP: 40/47 MP: 2/6
  4904 | D:5      | Noticed Grinder
  4939 | D:5      | Found a sparkling altar of Nemelex Xobeh.
  4943 | D:5      | Became a worshipper of Nemelex Xobeh the Trickster
  4954 | D:5      | Reached skill level 1 in Invocations
  5066 | D:5      | Killed Grinder
  5067 | D:5      | Reached skill level 2 in Invocations
  5067 | D:5      | Reached XP level 7. HP: 53/54 MP: 3/8
  5234 | D:5      | Noticed Menkaure
  5334 | D:6      | Reached skill level 5 in Polearms
  5404 | D:6      | Reached skill level 3 in Invocations
  5434 | D:6      | Found a large runed translucent door.
  5435 | D:6      | Found a large runed translucent door.
  5796 | D:7      | Found a flagged portal.
  5805 | Bailey   | Entered a bailey
  5883 | Bailey   | Noticed a human
  5891 | Bailey   | Noticed a human
  5895 | Bailey   | Killed a human
  5896 | Bailey   | Reached skill level 5 in Fighting
  5896 | Bailey   | Reached skill level 4 in Invocations
  5896 | Bailey   | Gained mutation: You are partially covered in molten
                  | scales. (AC +2) [demonic ancestry]
  5896 | Bailey   | Reached XP level 8. HP: 60/62 MP: 5/11
  5914 | Bailey   | Reached skill level 5 in Invocations
  5924 | Bailey   | Reached skill level 1 in Axes
  6203 | Bailey   | Noticed Prince Ribbit
  6204 | Bailey   | Noticed a vault guard
  6227 | Bailey   | Killed Prince Ribbit
  6228 | Bailey   | Reached skill level 6 in Invocations
  6228 | Bailey   | Reached XP level 9. HP: 45/69 MP: 13/13
  6233 | Bailey   | Killed a vault guard
  6234 | Bailey   | Reached skill level 7 in Invocations
  6353 | Bailey   | Noticed a vault guard
  6365 | Bailey   | Killed a vault guard
  6366 | Bailey   | Reached skill level 5 in Axes
  6610 | Bailey   | Reached skill level 8 in Invocations
  7284 | D:6      | Reached * piety under Nemelex Xobeh
  7297 | D:6      | Received a gift from Nemelex Xobeh
  7377 | D:6      | Gained mutation: You are mostly covered in molten scales.
                  | (AC +3) [demonic ancestry]
  7377 | D:6      | Reached XP level 10. HP: 68/79 MP: 14/16
  7502 | D:6      | Found Huopt's Magic Scroll Emporium.
  7510 | D:6      | Bought a scroll of blinking for 82 gold pieces
  7845 | D:7      | Found a burning altar of Makhleb.
  8092 | D:7      | Found Ereur's Neck Hole.
  8425 | D:7      | Reached ** piety under Nemelex Xobeh
  8513 | D:8      | Received a gift from Nemelex Xobeh
  8558 | D:8      | Found an ornate altar of the Wu Jian Council.
  8789 | D:8      | Found a shimmering altar of Xom.
  9427 | D:8      | Reached skill level 9 in Invocations
  9846 | D:9      | Noticed a two-headed ogre
  9855 | D:9      | Killed a two-headed ogre
  9856 | D:9      | Reached skill level 1 in Shields
 10073 | D:9      | Noticed a two-headed ogre
 10077 | D:9      | Killed a two-headed ogre
 10078 | D:9      | Reached skill level 10 in Invocations
 10244 | D:9      | Gained mutation: You are mostly covered in sharp spines.
                  | [demonic ancestry]
 10244 | D:9      | Reached XP level 11. HP: 84/87 MP: 13/18
 10281 | D:9      | Reached *** piety under Nemelex Xobeh
 10487 | D:9      | Noticed a deep elf pyromancer
 10487 | D:9      | Noticed a cyan ugly thing
 10487 | D:9      | Noticed a deep troll
 10487 | D:9      | Noticed a wolf spider
 10517 | D:10     | Entered Level 10 of the Dungeon
 11242 | D:10     | Found a large runed translucent door.
 11242 | D:10     | Found a large runed translucent door.
 11293 | D:10     | Noticed Palms's ghost (journeyman TrFi)
 11922 | D:11     | Received a gift from Nemelex Xobeh
 11976 | D:11     | Noticed a boulder beetle
 11989 | D:11     | Killed a boulder beetle
 11990 | D:11     | Reached skill level 11 in Invocations
 12327 | D:11     | Found a staircase to the Lair.
 12818 | D:11     | Noticed Snorg
 12834 | D:11     | Killed Snorg
 12869 | D:11     | Noticed a two-headed ogre
 13173 | D:11     | Noticed a centaur warrior
 13198 | D:11     | Reached skill level 10 in Axes
 13200 | D:11     | Killed a centaur warrior
 13251 | D:11     | Identified the +2 war axe of Callousness {protect, rF+}
 13251 | D:11     | Noticed a wizard
 13461 | D:11     | Killed a wizard
 13462 | D:11     | Reached XP level 12. HP: 97/97 MP: 20/20
 13491 | D:11     | Reached **** piety under Nemelex Xobeh
 13491 | D:11     | Received a gift from Nemelex Xobeh
 13508 | D:11     | Noticed an ogre mage
 13515 | D:11     | Killed an ogre mage
 13562 | D:11     | Noticed a boulder beetle
 13673 | D:7      | Bought an amulet of regeneration for 420 gold pieces
 13903 | D:9      | Reached skill level 10 in Fighting
 13903 | D:9      | Reached skill level 5 in Shields
 14184 | D:11     | Killed a boulder beetle
 14185 | D:11     | Reached skill level 12 in Invocations
 14224 | D:11     | Found a runed translucent door.
 14224 | D:11     | Found a runed translucent door.
 14473 | D:10     | Identified the -2 quarterstaff of the Rescuing Eel {drain,
                  | Str-2 Int+2 Dex+3}
 14508 | Lair:1   | Entered Level 1 of the Lair of Beasts
 14573 | Lair:1   | Found a dark tunnel.
 14586 | Volcano  | Entered a volcano
 14947 | Lair:1   | Noticed Fannar
 14977 | Lair:1   | Killed Fannar
 15191 | Lair:1   | Reached skill level 5 in Evocations
 15287 | Lair:1   | Noticed a six-headed hydra
 15298 | Lair:1   | Killed a six-headed hydra
 15299 | Lair:1   | Reached XP level 13. HP: 23/105 MP: 17/22
 15483 | Lair:1   | Identified a scroll of acquirement
 15485 | Lair:1   | Acquired the +0 cloak of Suvuenn {rC++ rCorr Stlth-}
 16053 | Lair:2   | Received a gift from Nemelex Xobeh
 16552 | Lair:2   | Got the Folio of Jinxing and the Compass
 16808 | Lair:2   | Noticed a broodmother
 16808 | Lair:2   | a seven-headed hydra changed into a broodmother
 16810 | Lair:2   | Killed a broodmother
 16815 | Lair:2   | Received a gift from Nemelex Xobeh
 17009 | Lair:2   | Reached ***** piety under Nemelex Xobeh
 17170 | Lair:3   | Found the ring of the Tortoise {AC+8}
 17398 | Lair:3   | Found a staircase to the Snake Pit.
 17524 | Lair:3   | Identified the +4 short sword of the Glimmering Traitor
                  | {vorpal, SInv}
 17736 | Lair:3   | Found a staircase to the Shoals.
 17882 | Lair:4   | Received a gift from Nemelex Xobeh
 18144 | Lair:4   | Received a gift from Nemelex Xobeh
 18435 | Lair:5   | Entered Level 5 of the Lair of Beasts
 18518 | Lair:5   | Gained mutation: You have a pair of large antennae on your
                  | head. (SInv) [demonic ancestry]
 18518 | Lair:5   | Reached XP level 14. HP: 102/114 MP: 3/23
 18724 | Lair:5   | Found a viscous altar of Jiyva.
 18724 | Lair:5   | Found a staircase to the Slime Pits.
 19182 | Lair:5   | Reached skill level 5 in Armour
 19571 | Lair:5   | Received a gift from Nemelex Xobeh
 19656 | Lair:5   | Identified the +5 great mace of the Skies Above {spect,
                  | rPois Int+4}
 20002 | Lair:5   | Received a gift from Nemelex Xobeh
 20411 | D:12     | Found Ucirroele's Armour Emporium.
 20682 | D:12     | HP: 4/116 [titanic slime creature (89)]
 20946 | D:12     | Received a gift from Nemelex Xobeh
 21024 | D:12     | Found a staircase to the Orcish Mines.
 21276 | D:12     | Received a gift from Nemelex Xobeh
 21412 | Orc:1    | Entered Level 1 of the Orcish Mines
 21412 | Orc:1    | Noticed Urug
 21420 | Orc:1    | Killed Urug
 21421 | Orc:1    | Reached skill level 1 in Dodging
 21427 | Orc:1    | Noticed Nergalle
 21431 | Orc:1    | Noticed Nergalle
 21431 | Orc:1    | Nergalle changed into Nergalle the troll
 21436 | Orc:1    | Killed Nergalle the troll
 21592 | Orc:2    | Entered Level 2 of the Orcish Mines
 21592 | Orc:2    | Received a gift from Nemelex Xobeh
 21593 | Orc:2    | Noticed Erolcha
 21595 | Orc:2    | Killed Erolcha
 21681 | Orc:2    | Noticed an orc warlord
 21691 | Orc:2    | Killed an orc warlord
 21806 | Orc:2    | Found a staircase to the Elven Halls.
 21951 | Orc:2    | Found a runed translucent gate.
 21952 | Orc:2    | Found a runed translucent gate.
 21953 | Orc:2    | Found a runed translucent gate.
 21961 | Orc:2    | Noticed Palms's ghost (journeyman DrWr)
 21971 | Orc:2    | Reached ****** piety under Nemelex Xobeh
 22076 | Orc:2    | Noticed Donald
 22090 | Orc:2    | Killed Donald
 22257 | Orc:2    | Found Umuggolonio's Magic Scroll Shop.
 22374 | Orc:2    | Found Ontonyed's General Store.
 22511 | Orc:2    | Gained mutation: Your presence sometimes corrodes those you
                  | injure. [demonic ancestry]
 22511 | Orc:2    | Reached XP level 15. HP: 116/122 MP: 16/24
 22565 | Orc:2    | Bought a scroll of blinking for 97 gold pieces
 22565 | Orc:2    | Bought a scroll of poison for 52 gold pieces
 22567 | Orc:2    | Bought a potion of curing for 48 gold pieces
 22783 | Orc:2    | Paralysed by an orc sorcerer for 4 turns
 22808 | Orc:2    | Reached skill level 15 in Axes
 22898 | Orc:2    | Found Zor Gofem's Antique Armour Emporium.
 22898 | Orc:2    | Found Cosefaet's Book Shoppe.
 22899 | Orc:2    | Found a one-way gate leading to the halls of Pandemonium.
 22902 | Orc:2    | Reached skill level 13 in Invocations
 23155 | D:13     | Found a gate leading to a gauntlet.
 23164 | Gauntlet | Entered a Gauntlet
 23164 | Gauntlet | Found a transporter.
 23164 | Gauntlet | Found a transporter.
 23168 | Gauntlet | Found a transporter.
 23168 | Gauntlet | Found a transporter.
 23178 | Gauntlet | Found a transporter.
 23187 | Gauntlet | Found a transporter.
 23195 | Gauntlet | Found a transporter.
 23195 | Gauntlet | Found a transporter.
 23199 | Gauntlet | Found a transporter.
 23226 | Gauntlet | Found a transporter.
 23233 | Gauntlet | Found a transporter.
 23251 | Gauntlet | Found a transporter.
 23297 | Gauntlet | Found a transporter.
 23314 | Gauntlet | Found a transporter.
 23402 | Gauntlet | Received a gift from Nemelex Xobeh
 23407 | Gauntlet | Identified the ring of Cuonein {Ice rCorr Str+3 Slay-6
                  | Stlth+}
 23431 | Gauntlet | Found a transporter.
 23473 | Gauntlet | Identified the ring "Hofihoga" {rN++ Str+6}
 23488 | Gauntlet | Found a transporter.
 23526 | Gauntlet | Identified the ring "Oshra" {rElec rPois rC++ Int+6 Stlth-}
 23595 | Gauntlet | Identified the +3 ring mail "Ucacioj" {Rampage Str+4 Int+4}
 23681 | D:13     | Found a flickering gateway to a bazaar.
 23693 | Bazaar   | Entered a bazaar
 23693 | Bazaar   | Found Unkogups's Magic Scroll Shoppe.
 23693 | Bazaar   | Found Xing's Magic Scroll Shoppe.
 23694 | Bazaar   | Found Pooreq Haly's Distillery.
 23694 | Bazaar   | Found Wootebuz's Jewellery Emporium.
 23717 | Bazaar   | Bought a scroll of blinking for 67 gold pieces
 23721 | Bazaar   | Bought a scroll of enchant weapon for 127 gold pieces
 23721 | Bazaar   | Bought a scroll of summoning for 161 gold pieces
 23895 | D:13     | Received a gift from Nemelex Xobeh
 23958 | D:13     | Noticed Azrael
 23961 | D:13     | Killed Azrael
 24203 | Abyss:2  | Cast into level 2 of the Abyss (a wizard)
 24212 | Abyss:2  | Found a corrupted altar of Lugonu.
 24317 | Abyss:2  | Found a hazy altar of Hepliaklqana.
 24361 | Abyss:2  | Noticed a tentacled starspawn
 24366 | Abyss:2  | Identified the +4 tower shield "Xiuveotz" {Drain Regen+
                  | Dex+3 Stlth+}
 24366 | Abyss:2  | Noticed a daeva
 24506 | Abyss:2  | Noticed a kraken
 24539 | Abyss:2  | Killed a kraken
 24614 | Abyss:2  | Noticed a tentacled starspawn
 24645 | Abyss:2  | Found a corrupted altar of Lugonu.
 24683 | Abyss:2  | Found a corrupted altar of Lugonu.
 24815 | D:13     | Escaped the Abyss
 24870 | D:13     | Received a gift from Nemelex Xobeh
 25646 | D:14     | Received a gift from Nemelex Xobeh
 25851 | D:14     | Acquired 801 gold pieces
 25893 | D:14     | Reached skill level 10 in Shields
 26170 | D:14     | Noticed Louise
 26202 | D:14     | Killed Louise
 26556 | D:14     | Found a gate to the Vaults.
 26679 | D:14     | Received a gift from Nemelex Xobeh
 26679 | D:14     | Found a portal to a secret trove of treasure.
 26996 | D:15     | Entered Level 15 of the Dungeon
 27004 | D:15     | Reached skill level 14 in Invocations
 27004 | D:15     | Reached XP level 16. HP: 132/132 MP: 22/26
 27007 | D:15     | Reached skill level 5 in Dodging
 27037 | D:15     | Noticed Jorgrun
 27043 | D:15     | Killed Jorgrun
 27098 | D:15     | Found a frozen archway.
 27117 | IceCv    | Entered an ice cave
 27334 | IceCv    | Received a gift from Nemelex Xobeh
 28482 | D:15     | Found a staircase to the Depths.
 28792 | D:15     | Received a gift from Nemelex Xobeh
 28947 | D:15     | Found a runed translucent gate.
 28947 | D:15     | Found a runed translucent gate.
 28947 | D:15     | Found a runed translucent gate.
 28948 | D:15     | Noticed Jackthecabe's ghost (journeyman MfGl)
 29126 | D:15     | Found Onoday's Serpentskin Sales.
 29181 | D:15     | Bought a scroll of poison for 60 gold pieces
 29543 | Elf:1    | Entered Level 1 of the Elven Halls
 29956 | Elf:1    | Reached skill level 15 in Invocations
 30219 | Elf:1    | Received a gift from Nemelex Xobeh
 30222 | Elf:1    | Noticed jimonade's ghost (adept FoFi)
 30226 | Elf:1    | Found a runed translucent door.
 30478 | Elf:1    | Gained mutation: You may rarely emit foul miasma when
                  | damaged in melee. [demonic ancestry]
 30478 | Elf:1    | Reached XP level 17. HP: 140/140 MP: 25/28
 30950 | Elf:1    | Killed jimonade's ghost
 30994 | Elf:2    | Noticed Nikola
 30994 | Elf:2    | Found an ancient bone altar of Kikubaaqudgha.
 30998 | Elf:2    | Killed Nikola
 31101 | Elf:2    | Found Gidurr's Antique Weapon Shop.
 31276 | Elf:2    | Acquired 693 gold pieces
 31399 | Elf:2    | Paralysed by an air elemental for 1 turns
 31481 | Elf:2    | Found a runed translucent gate.
 31482 | Elf:2    | Found a runed translucent gate.
 31482 | Elf:2    | Found a runed translucent gate.
 31486 | Elf:2    | Received a gift from Nemelex Xobeh
 31590 | Orc:2    | Bought glowing gold dragon scales for 2158 gold pieces
 31804 | Snake:1  | Entered Level 1 of the Snake Pit
 31829 | Snake:1  | Received a gift from Nemelex Xobeh
 32034 | Snake:1  | Received a gift from Nemelex Xobeh
 32374 | Snake:1  | Received a gift from Nemelex Xobeh
 33359 | Snake:1  | Upgraded the game from 0.29-a0-872-g797fff5ad1 to
                  | 0.29-a0-876-gfc89b1a5bd
 33412 | Snake:2  | Reached skill level 15 in Fighting
 33413 | Snake:2  | Reached skill level 16 in Invocations
 33455 | Snake:2  | Received a gift from Nemelex Xobeh
 33495 | Snake:2  | Received a gift from Nemelex Xobeh
 34122 | Snake:2  | Found a large runed translucent door.
 34122 | Snake:2  | Found a large runed translucent door.
 34124 | Snake:2  | Noticed Brotato's ghost (adept SpBr)
 34296 | Snake:2  | Killed Brotato's ghost
 34300 | Snake:2  | Got the Omnibus of Malediction
 34306 | Snake:2  | Identified the +10 triple crossbow "Furemm" {vorpal, rF+
                  | Will+ MP+9 Int+4}
 34344 | Snake:3  | Received a gift from Nemelex Xobeh
 34945 | Snake:3  | Gained mutation: You sometimes emit foul miasma when
                  | damaged in melee. [demonic ancestry]
 34945 | Snake:3  | Reached XP level 18. HP: 149/149 MP: 27/30
 35056 | Snake:3  | Received a gift from Nemelex Xobeh
 35079 | Snake:4  | Entered Level 4 of the Snake Pit
 35707 | Snake:4  | Received a gift from Nemelex Xobeh
 35804 | Snake:4  | Reached skill level 17 in Invocations
 36166 | Snake:4  | Got a serpentine rune of Zot
 36794 | Shoals:1 | Entered Level 1 of the Shoals
 36858 | Shoals:1 | Received a gift from Nemelex Xobeh
 37057 | Shoals:1 | Received a gift from Nemelex Xobeh
 37368 | Shoals:1 | Found Cykloch's Firing Range.
 37845 | Shoals:2 | Received a gift from Nemelex Xobeh
 38004 | Shoals:2 | Reached skill level 18 in Invocations
 38311 | Shoals:2 | Received a gift from Nemelex Xobeh
 38420 | Shoals:3 | Noticed Polyphemus
 38426 | Shoals:3 | Killed Polyphemus
 38663 | Shoals:3 | Found Soaseigh's Weapon Shop.
 38862 | Shoals:3 | Reached XP level 19. HP: 141/159 MP: 23/32
 39018 | Shoals:3 | Received a gift from Nemelex Xobeh
 39150 | Shoals:4 | Entered Level 4 of the Shoals
 39465 | Shoals:4 | Reached skill level 19 in Invocations
 39863 | Shoals:4 | Got a barnacled rune of Zot
 40467 | D:6      | Bought a scroll of blinking for 82 gold pieces
 40467 | D:6      | Bought a scroll of teleportation for 33 gold pieces
 40467 | D:6      | Bought 2 scrolls of enchant weapon for 165 gold pieces
 40467 | D:6      | Bought a scroll of teleportation for 33 gold pieces
 40533 | D:4      | Bought a scroll of magic mapping for 75 gold pieces
 40533 | D:4      | Bought 3 scrolls of blinking for 225 gold pieces
 40776 | Orc:2    | Bought a scroll of immolation for 52 gold pieces
 40854 | Elf:3    | Entered Level 3 of the Elven Halls
 40854 | Elf:3    | Received a gift from Nemelex Xobeh
 40937 | Elf:3    | Paralysed by an air elemental for 1 turns
 41258 | Elf:3    | Found Faixtint's Book Shop.
 41259 | Elf:3    | Found Dodur's Jewellery Emporium.
 41260 | Elf:3    | Found Olen's Book Shop.
 41330 | Elf:3    | Received a gift from Nemelex Xobeh
 41566 | Elf:3    | Identified the +5 lajatang of Wyigyso {vorpal, Fragile rC+
                  | Int+2}
 41988 | Elf:3    | Received a gift from Nemelex Xobeh
 42126 | Elf:3    | Identified the ring "Edourax" {rPois MP+9 Slay+3}
 42172 | Elf:3    | Identified the +1 robe of Noughts and Crosses {+Blink
                  | Dex+3}
 42182 | Elf:3    | Reached skill level 10 in Armour
 42188 | Elf:3    | Identified the +2 helmet of Ocuf {Harm Stlth+}
 42235 | Elf:3    | Identified the +4 long sword of Mastery {vorpal, rElec
                  | Int+5 Dex+4}
 42504 | Vaults:1 | Entered Level 1 of the Vaults
 42522 | Vaults:1 | Gained mutation: Your presence sometimes corrodes or
                  | deforms those you injure. [demonic ancestry]
 42522 | Vaults:1 | Reached XP level 20. HP: 131/168 MP: 28/33
 42735 | Vaults:1 | Found a transporter.
 42749 | Vaults:1 | Found a transporter.
 42799 | Vaults:1 | Received a gift from Nemelex Xobeh
 43175 | Vaults:1 | Found a runed translucent door.
 43178 | Vaults:1 | Noticed Umuno's ghost (adept DsBe)
 43336 | Vaults:1 | You fall into a shaft and drop 1 floor!
 43654 | Vaults:1 | Received a gift from Nemelex Xobeh
 43662 | Vaults:1 | Identified the +1 quarterstaff of Agony {venom, *Rage rC+
                  | Int+4 Dex+3}
 43668 | Vaults:1 | Found Otekhlis's Book Shoppe.
 43784 | Vaults:1 | Killed Umuno's ghost
 43797 | Vaults:1 | Got the Precepts of the Mountains
 44160 | Vaults:1 | Identified the ring "Oguon" {rF+ Dex+2 Stlth+}
 44175 | Vaults:1 | Identified the +3 hand axe of Beogh's Delight {flame,
                  | Int+3}
 44524 | Vaults:2 | Reached skill level 10 in Dodging
 44534 | Vaults:2 | Reached skill level 20 in Invocations
 44751 | Vaults:2 | Received a gift from Nemelex Xobeh
 45747 | Vaults:3 | Paralysed by a vampire knight for 5 turns
 45762 | Vaults:3 | Found a magical portal.
 45778 | WizLab   | Entered Iskenderun's Mystic Tower
 45873 | WizLab   | Received a gift from Nemelex Xobeh
 46681 | WizLab   | Reached XP level 21. HP: 65/177 MP: 33/35
 46972 | WizLab   | Reached skill level 10 in Evocations
 47025 | WizLab   | Got Iskenderun's Incunable of Outbursts
 47025 | WizLab   | Got Iskenderun's Compendium of Combat Magic
 47143 | WizLab   | Reached skill level 21 in Invocations
 48026 | Vaults:3 | Identified the +7 great sword of Soavirih {drain, Fragile
                  | rElec rC+}
 48029 | Vaults:3 | Received a gift from Nemelex Xobeh
 48383 | Vaults:3 | Paralysed by a sphinx for 3 turns
 48467 | Vaults:3 | Found a staircase to the Crypt.
 49414 | Vaults:4 | Identified the +2 ring mail "Hexzurgh" {Str+3}
 49647 | Vaults:4 | Received a gift from Nemelex Xobeh
 50004 | Vaults:4 | Reached skill level 22 in Invocations
 50273 | Vaults:4 | Identified the +4 shortbow "Hulk" {venom, Drain Str+2
                  | Dex+9}
 50777 | D:14     | You paid a toll of +3 gold dragon scales to enter a
                  | treasure trove
 50778 | Trove    | Entered a treasure trove
 50780 | Trove    | Found the +3 Mad Mage's Maulers {Infuse+∞ RegenMP Int-3}
 50780 | Trove    | Found the +2 ratskin cloak {*Rats rPois rN+ Str-1 Int-1
                  | Dex+1}
 50781 | Trove    | Found the +3 pair of gauntlets of War {Slay+5}
 50782 | Trove    | Identified the +0 pair of gloves of the Pit {+Blink Int+6
                  | Dex+4}
 50785 | Trove    | Identified the +0 ring mail "Cecex" {rElec MP+9}
 50788 | Trove    | Identified the +5 tower shield of the Lobster {*Slow rPois
                  | Regen+ Slay+5}
 50813 | Trove    | Identified the +4 plate armour of a Billion Places {Regen+
                  | Int+4}
 50816 | Trove    | Identified the +6 scale mail "Wituqeon" {Slay+3}
 50817 | Trove    | Identified the +1 chain mail of Pessimism {rF- Int-3
                  | Dex+10}
 50819 | Trove    | Identified the +1 chain mail "Heung" {rN+ rCorr Str-2}
 51088 | Vaults:5 | Entered Level 5 of the Vaults
 51096 | Vaults:5 | Noticed a golden dragon
 51222 | Vaults:5 | Reached XP level 22. HP: 182/187 MP: 37/37
 51311 | Vaults:5 | Noticed a dread lich
 51313 | Vaults:5 | Identified the +5 pair of boots of a Labyrinth {rF+ Str+2}
 51330 | Vaults:5 | Killed from afar by a shadow dragon

Illustrated notes

Levels and vault maps discovered:
D:1:      psy_arrival_basics, layout_loops_ring, basic_ecumenical_altar,
          st_stairs_11, minmay_domino_4
D:2:      layout_basic
D:3:      minmay_general_purpose_star, layout_basic, nicolae_titane,
          uniq_terence
D:4:      layout_loops_cross, serial_shops, nicolae_diamond_shop,
          grunt_decor_cap
D:5:      layout_loops_corners, nemelex_dance_club_becter,
          mainiacjoe_overflow_six_doors_small, minmay_temple_entry_from_below_a,
          uniq_menkaure, uniq_grinder, uniq_pikel
D:6:      layout_basic, jmf_multi_god_temple2, serial_shops, shop
D:7:      layout_basic, bloody_makhleb, enter_bailey_5,
          nicolae_shop_sticking_my_neck_out
D:8:      layout_basic, hangedman_feature_mirror
D:9:      layout_cave_pools, serial_park_tiny_2, nrook_campfire, minivault_22,
          wad_scary_box
D:10:     layout_loops_ring, ebering_ghost_disaster_area
D:11:     minmay_the_grid_triangle_9x9_rhombus_thin_mashed
          [minmay_the_grid_triangle_9x9_odd_lines,
          minmay_the_grid_triangle_9x9_prize_top_heavy,
          minmay_the_grid_triangle_9x9_sparse_checkered,
          minmay_the_grid_triangle_9x9_tough_junction], layout_basic,
          david_lair_generic, uniq_snorg
D:12:     layout_basic, minmay_orc_entry_temple_small, serial_shops, shop
D:13:     minmay_distorted_concentric_squares, layout_stronghold, serial_shops,
          bzr_entry_lakeside, gauntlet_entry_generic, uniq_azrael
D:14:     layout_loops_ring, david_vaults_4, kennysheep_path_1,
          nicolae_trove_entry_diagonal, st_stairs_3, uniq_louise
D:15:     grunt_enter_depths_snipers, layout_cave_pods,
          ebering_ghost_rock_garden, portal_ice_cave_entry_ice_simulacra,
          patterned_corridor, guppyfry_shop_venom, uniq_jorgrun
Lair:1:   dreamdust_cave_troll, layout_cave_pods,
          nicolae_volcano_entry_two_sided, uniq_fannar
Lair:2:   layout_hall_layers, serial_forest, infiniplex_forest_lined_room_3,
          infiniplex_forest_clump_medium, infiniplex_forest_end_2,
          infiniplex_forest_lined_corner, nzn_random_ring
Lair:3:   layout_cave_shapes, shoals_dummy_entry, guppyfry_snake_entry_garden,
          serial_bayou_shore_b, infiniplex_staircase_pool
Lair:4:   layout_roguey
Lair:5:   minmay_lair_end_enchanted_forest, layout_cave_pods,
          nicolae_slime_entry_slimehenge, grunt_megastairs_5
Shoals:1: layout_shoals, nicolae_shop_firing_range
Shoals:2: layout_shoals, nicolae_shoals_siren_and_animal_friends
Shoals:3: layout_shoals, serial_shops, nicolae_lakefront_shop, uniq_polyphemus
Shoals:4: shoals_end_hellmonk_lost_city
Snake:1:  layout_layer_cave, nicolae_snake_gridmaze_tees, nicolae_snake_shapes
Snake:2:  layout_cave_pods, ebering_ghost_disaster_area, nicolae_snake_bzzzt,
          serial_bayou_shore_b
Snake:3:  layout_rooms, minmay_snake_pond, grunt_megastairs_2
Snake:4:  grunt_snake_rune_serpentine_throne, layout_basic,
          nicolae_snake_single_loop, grunt_ministairs_1
Orc:1:    layout_caves, serial_shops, shop, shop, nicolae_orc_tapped_out,
          uniq_nergalle, uniq_urug
Orc:2:    pf_orc_diabolical, layout_caves, gammafunk_ghost_split, uniq_erolcha,
          uniq_donald
Elf:1:    minmay_elf_arrival_summoners, layout_geoelf_octagon,
          hellmonk_ghost_happy_afterlife, hangedman_elven_crosses_minicolossus,
          amcnicky_mini_pool_small
Elf:2:    nicolae_elf_blades_crystal_corner, layout_geoelf_diagonals,
          serial_shops, nicolae_square_shop, basic_altar, uniq_nikola
Elf:3:    minmay_elf_hall_statues, layout_gridlike, lemuel_flamethrower_hall,
          minmay_shop_grove
Vaults:1: hellmonk_ghost_big_iron, gammafunk_sealed_arena, v_misc_13,
          v_alt_pattern_4, nicolae_vaults_asterisk, vaults_mumra_lcd,
          vaults_room_semicircle, ontoclasm_vaults_shuriken,
          nicolae_vaults_little_squares_4, layout_vaults_omnigrid, serial_shops,
          nicolae_shop_crystal
Vaults:2: v_alt_pattern_6, hangedman_vaults_cutoff,
          ontoclasm_vaults_ring_square, vaults_room_grid, vaults_room_door_hall,
          v_misc_29, grunt_vaults_trifunnel, v_pattern_4, vaults_dpeg_diagonal,
          ontoclasm_vaults_gateway, ontoclasm_vaults_ligature,
          layout_vaults_maze_bifur
Vaults:3: infiniplex_enter_wizlab_water, v_misc_10, v_misc_18,
          nicolae_vaults_network_quinsquares
          [nicolae_vaults_network_quincunx_subvault,
          nicolae_vaults_network_quincunx_subvault,
          nicolae_vaults_network_quincunx_subvault,
          nicolae_vaults_network_quincunx_subvault], ontoclasm_vaults_twist,
          hangedman_vaults_nodes, vaults_room_pool,
          minmay_crypt_entry_simple_round, v_alt_pattern_5, grunt_vaults_focal,
          nicolae_vaults_yaktaur_gun_rack, nicolae_vaults_little_squares_5,
          nicolae_vaults_little_squares_1, nicolae_vaults_circle_grid_b,
          layout_vaults_omnicross
Vaults:4: v_misc_29, v_pattern_5, hangedman_vaults_maws,
          nicolae_vaults_little_ls, nicolae_vaults_little_squares_3,
          hangedman_vaults_restitches, vaults_mumra_minichess_inversion,
          nicolae_vaults_windows_and_doors_thing, ontoclasm_vaults_idyll,
          grunt_vaults_bifocal, v_misc_22, nicolae_vaults_display_case,
          layout_vaults_omnibox
Vaults:5: serial_shops, uniq_mara

Skill      XL: |  1  2  3  4  5  6  7  8  9 10 11 12 13 14 15 16 17 18 19 20 21 |
---------------+----------------------------------------------------------------+-----
Fighting       | 2 3 4 5 6 7 8 9 10 11 12 13 14 15 16 17 18 19 | 19.4
Stealth        | 1 |  1.5
Polearms       | 1 2 3 4 5 6 |  6.9
Invocations    | 2 4 6 8 10 11 12 14 15 16 18 19 20 22 | 22.3
Axes           | 2 6 8 10 11 13 14 15 17 | 17.5
Shields        | 2 4 6 7 9 10 11 12 13 14 | 14.8
Evocations     | 5 9 10 | 10.0
Armour         | 4 6 8 9 10 11 12 | 12.9
Dodging        | 2 4 6 7 9 10 | 10.9

Action                   |  1- 3 |  4- 6 |  7- 9 | 10-12 | 13-15 | 16-18 | 19-21 | 22-24 || total
-------------------------+-------+-------+-------+-------+-------+-------+-------+-------++-------
Melee: Club              |    20 |       |       |       |       |       |       |       ||    20
       Dagger            |    39 |       |       |       |       |       |       |       ||    39
       Punch             |     2 |       |     2 |     2 |       |       |       |       ||     6
       Spear             |    41 |     5 |       |       |       |       |       |       ||    46
       Halberd           |       |   102 |    90 |       |       |       |       |       ||   192
       Hand axe          |       |       |     5 |       |       |       |       |       ||     5
       Broad axe         |       |       |    25 |   293 |   795 |   955 |  1047 |    58 ||  3173
       Trident           |       |       |       |     5 |    52 |     4 |       |       ||    61
       Demon trident     |       |       |       |       |       |     6 |       |       ||     6
Invok: Draw Destruction  |       |       |     1 |    15 |    40 |    40 |    64 |       ||   160
       Draw Summoning    |       |       |       |     5 |     1 |       |     3 |     1 ||    10
       Draw Escape       |       |       |       |     2 |     3 |       |     9 |       ||    14
       Stack Five        |       |       |       |       |     1 |     1 |     1 |       ||     3
       Draw Stack        |       |       |       |       |     1 |       |     1 |       ||     2
Evoke: Wand              |     5 |     4 |    27 |     4 |     1 |    11 |     2 |       ||    54
       Tin of tremorston |       |       |       |     2 |       |       |     3 |       ||     5
       Phial of floods   |       |       |       |       |       |     1 |       |       ||     1
       Condenser vane    |       |       |       |       |       |       |     2 |       ||     2
  Use: Scroll            |     1 |     8 |    11 |     6 |    24 |     8 |    10 |       ||    68
       Potion            |       |       |     3 |     3 |     1 |       |    13 |       ||    20
 Stab: Sleeping          |     3 |       |       |       |       |       |       |       ||     3
       Distracted        |       |     1 |       |     2 |    11 |    23 |    29 |     1 ||    67
       Invisible         |       |       |       |       |       |       |     5 |       ||     5
       Petrified         |       |       |       |       |       |       |       |     1 ||     1
Armor: Leather armour    |    16 |       |       |       |       |       |       |       ||    16
       Scale mail        |     3 |    35 |    54 |   210 |     3 |       |       |       ||   305
       Chain mail        |       |       |       |       |   545 |   573 |   408 |       ||  1526
       Plate armour      |       |       |       |       |       |       |    17 |    20 ||    37
Dodge: Dodged            |    56 |    33 |    52 |   108 |   173 |   238 |   234 |     6 ||   900
Block: Kite shield       |       |       |       |   145 |   483 |   566 |   519 |       ||  1713
       Reflection        |       |       |       |     5 |    21 |    93 |    77 |       ||   196
       Tower shield      |       |       |       |       |       |       |    25 |    48 ||    73

Table legend: (Time is in decaauts)
 A = Elapsed time spent in this place.
 B = Non-inter-level travel time spent in this place.
 C = Inter-level travel time spent in this place.
 D = Time resting spent in this place.
 E = Time spent auto-exploring this place.
 F = Levels seen in this place.
 G = Mean time per level.
                   A        B        C        D        E       F      G
               +--------+--------+--------+--------+--------+-----+--------+
         Total |  51404 |  47615 |   3789 |   2880 |  35254 |  46 | 1117.5 |
       Dungeon |  19378 |  17340 |   2038 |   1293 |  13122 |  15 | 1291.9 |
          Lair |   5764 |   5367 |    397 |      0 |   4401 |   5 | 1152.8 |
        Shoals |   3607 |   3470 |    137 |    462 |   2318 |   4 |  901.8 |
     Snake Pit |   4908 |   4723 |    185 |    218 |   3757 |   4 | 1227.0 |
  Orcish Mines |   2408 |   2122 |    286 |    230 |   1466 |   2 | 1204.0 |
   Elven Halls |   3124 |   2957 |    167 |      0 |   2189 |   3 | 1041.3 |
        Vaults |   6993 |   6416 |    577 |    102 |   5100 |   5 | 1398.6 |
         Abyss |    607 |    607 |      0 |      4 |    433 |   1 |  607.0 |
        Bazaar |     53 |     53 |      0 |      0 |     15 |   1 |   53.0 |
         Trove |     83 |     83 |      0 |      0 |      0 |   1 |   83.0 |
        Bailey |    977 |    977 |      0 |    499 |    269 |   1 |  977.0 |
      Ice Cave |   1252 |   1252 |      0 |      0 |    961 |   1 | 1252.0 |
       Volcano |    303 |    303 |      0 |      7 |    150 |   1 |  303.0 |
        Wizlab |   1470 |   1470 |      0 |     63 |    805 |   1 | 1470.0 |
      Gauntlet |    468 |    468 |      0 |      0 |    266 |   1 |  468.0 |
               +--------+--------+--------+--------+--------+-----+--------+

Top non-repeatable levels by time:
   Orc:2: 2206 daAuts
    D:10: 2082 daAuts
  Lair:5: 1884 daAuts
Vaults:4: 1855 daAuts
     D:1: 1744 daAuts
Vaults:1: 1734 daAuts
Vaults:3: 1669 daAuts
 Snake:1: 1606 daAuts
    D:14: 1588 daAuts
Vaults:2: 1500 daAuts
 Snake:4: 1477 daAuts
  WizLab: 1470 daAuts
     D:7: 1469 daAuts
     D:9: 1461 daAuts
   Elf:3: 1445 daAuts
